 Dungeon Crawl Stone Soup version 0.28.0-1-gb440e238dd (webtiles) character file.

Game seed: 15270798169311163753

12 cbfl8 the Skirmisher (level 2, -3/27 HPs)
             Began as a Minotaur Berserker on Feb 27, 2022.
             Was a Follower of Trog.
             Slain by a scorpion (7 damage)
             ... on level 4 of the Dungeon.
             The game lasted 00:01:00 (652 turns).

cbfl8 the Skirmisher (Minotaur Berserker)            Turns: 652, Time: 00:01:00

Health: -3/27      AC:  2    Str: 21    XL:     2   Next: 20%
Magic:  1/1        EV: 12    Int:  4    God:    Trog [*.....]
Gold:   17         SH:  0    Dex:  9    Spells: 1/1 levels left

rFire   . . .      SeeInvis .   a - +0 hand axe
rCold   . . .      Faith    .   (no shield)
rNeg    . . .      Spirit   .   b - +0 animal skin
rPois   .          Reflect  .   (helmet restricted)
rElec   .          Harm     .   (no cloak)
rCorr   .          Rampage  .   (no gloves)
Will    .....                   (no boots)
Stlth   +.........              (no amulet)
HPRegen 0.09/turn               (no ring)
MPRegen 0.07/turn               (no ring)

@: lethally poisoned (-3 -> -4)
A: horns 2, retaliatory headbutt
a: Renounce Religion, Berserk


You were on level 4 of the Dungeon.
You worshipped Trog.
Trog was aware of your devotion.
You visited 1 branch of the dungeon, and saw 4 of its levels.

You collected 17 gold pieces.

Inventory:

Hand Weapons
 a - a +0 hand axe (weapon)
Armour
 b - a +0 animal skin (worn)
Potions
 c - a potion of curing {unknown}


   Skills:
 + Level 4.1 Fighting
 + Level 4.0 Axes
 + Level 2.4 Armour
 + Level 2.2 Dodging


You had one spell level left.
You didn't know any spells.
Your spell library was empty.

Dungeon Overview and Level Annotations

Branches:
Dungeon (4/15)
 Temple: D:4-7

Altars:


Innate Abilities, Weirdness & Mutations

You have a pair of horns on your head.
You reflexively headbutt those who attack you in melee.


Message History

a +0 dagger; a +0 hand crossbow; 25 bolts You start resting.
HP restored.
A ball python comes into view.
The ball python hisses angrily.
You closely miss the ball python.
The ball python bites you but does no damage.
The ball python grabs you. The ball python constricts you.
You barely miss the ball python. The ball python bites you.
The ball python constricts you.
You hit the ball python.
You kill the ball python!
Trog accepts your kill.
You see here a ball python corpse.
You start resting.
HP restored.
A scorpion comes into view.
Found 14 gold pieces.
A gnoll comes into view. It is wielding a +4 whip.
The scorpion stings you.
You are poisoned.
The scorpion poisons you!
You barely miss the scorpion.
You feel sick. The scorpion stings you.
You hit the scorpion. You headbutt the scorpion.
The scorpion is moderately wounded.
You feel sick. The scorpion stings you.
You hit the scorpion but do no damage. Your headbutt misses the scorpion.
You punch the scorpion.
The scorpion is moderately wounded.
You feel sick. The scorpion stings you!
* * * LOW HITPOINT WARNING * * *
The scorpion stings you but does no damage.
You slash the scorpion! Your headbutt misses the scorpion.
The scorpion is severely wounded.
You feel sick. The scorpion closely misses you. You furiously retaliate!
You headbutt the scorpion. You hit the scorpion but do no damage.
The scorpion is almost dead.
You feel sick. The scorpion stings you!
You die...

.. ........ .# ......
...$.... .#.... g...#
#...# .#.###.s.#
.......@# .#.####.#
#.# ###########
#####.# #.........#
#.....### #[........#
#....†..####.........#
#...............).....
#.......####.........#
#.......# #.........#


You could see a scorpion and a gnoll.

Vanquished Creatures
  A dart slug (D:4)
  An endoplasm (D:4)
  A giant cockroach (D:2)
  A hobgoblin (D:2)
  A quokka (D:4)
  3 ball pythons
  A kobold (D:4)
9 creatures vanquished.

Vanquished Creatures (others)
  15 plants (D:1)
15 creatures vanquished.

Grand Total: 24 creatures vanquished

Notes
Turn   | Place    | Note
-------+----------+-------------------------------------------
     0 | D:1      | cbfl8 the Minotaur Berserker began the quest for the Orb.
     0 | D:1      | Reached XP level 1. HP: 19/19 MP: 0/0
   280 | D:4      | Reached XP level 2. HP: 12/27 MP: 1/1
   644 | D:4      | Noticed a scorpion
   652 | D:4      | Slain by a scorpion

Illustrated notes

Levels and vault maps discovered:
D:1:      eino_arrival_tree_alley, layout_basic, amcnicky_mini_pool_small,
          kennysheep_boxes
D:2:      layout_loops_ring, ebering_ecumenical_altar_rust
D:3:      layout_loops_cross
D:4:      layout_basic, serial_shops, nicolae_square_shop,
          kennysheep_small_circle

Skill      XL: |  1  2 |
---------------+-------+-----
Fighting       | 4 |  4.1
Axes           | 4 |  4.0
Armour         | |  2.4
Dodging        | |  2.2

Action                   || total
-------------------------++-------
Melee: Hand axe          ||    89
       Headbutt          ||    28
       Punch             ||     2
Armor: Animal skin       ||     6
Dodge: Dodged            ||    15
